 Dungeon Crawl Stone Soup version 0.21.1-1-g345015f (webtiles) character file.

30 tidbits the Charmwright (level 3, -12/31 HPs)
             Began as a Gnoll Skald on June 20, 2018.
             Mangled by Sigmund
             ... wielding a +1 scythe of flaming
              (14 damage)
             ... on level 2 of the Dungeon.
             The game lasted 00:02:26 (266 turns).

tidbits the Charmwright (Gnoll Skald)                Turns: 266, Time: 00:02:27

Health: -12/31     AC:  3    Str: 13    XL:     3   Next: 18%
Magic:  5/9        EV: 14    Int: 16    God:
Gold:   28         SH:  0    Dex: 14    Spells: 1/12 levels left

rFire    . . .     SeeInvis .   a - +0 hand axe
rCold    . . .     Gourm    .   (no shield)
rNeg     . . .     Faith    .   b - +0 leather armour
rPois    .         Spirit   .   (no helmet)
rElec    .         Reflect  .   (no cloak)
rCorr    +         Harm     .   (no gloves)
MR       .....                  (no boots)
Stlth    +.........             (no amulet)
HPRegen  0.10/turn              g - ring of resist corrosion
MPRegen  0.11/turn              (no ring)

@: singing
A: distributed training, fangs 1, strong nose
a: no special abilities


You were on level 2 of the Dungeon.
You were not hungry.

You visited 1 branch of the dungeon, and saw 2 of its levels.

You collected 28 gold pieces.

Inventory:

Hand Weapons
 a - a +0 hand axe (weapon)
 e - a +0 dagger
Missiles
 f - 2 stones (quivered)
Armour
 b - a +0 leather armour (worn)
 i - a +0 ring mail
Jewellery
 g - a ring of resist corrosion (left hand)
   (You found it on level 2 of the Dungeon)
Scrolls
 h - a scroll of teleportation {unknown}
Books
 c - a book of Battle

   Spells                             Type                      Level
   a - Infusion                       Charms                       1
   b - Shroud of Golubria             Charms/Translocation         2
   c - Song of Slaying                Charms                       2
   d - Spectral Weapon                Hexes/Charms                 3
   e - Regeneration                   Charms/Necromancy            3
Comestibles
 d - 2 rations


   Skills:
 + Level 4.5 Fighting
 + Level 0.6 Short Blades
 + Level 0.6 Long Blades
 + Level 4.5 Axes
 + Level 0.6 Maces & Flails
 + Level 0.6 Polearms
 + Level 0.6 Staves
 + Level 0.6 Slings
 + Level 0.6 Bows
 + Level 0.6 Crossbows
 + Level 0.6 Throwing
 + Level 2.5 Armour
 + Level 4.5 Dodging
 + Level 0.6 Stealth
 + Level 0.6 Shields
 + Level 0.6 Unarmed Combat
 + Level 5.0 Spellcasting
 + Level 0.4 Conjurations
 + Level 0.4 Hexes
 + Level 5.4 Charms
 + Level 0.4 Summonings
 + Level 0.4 Necromancy
 + Level 0.4 Translocations
 + Level 0.4 Transmutations
 + Level 0.4 Fire Magic
 + Level 0.4 Ice Magic
 + Level 0.4 Air Magic
 + Level 0.4 Earth Magic
 + Level 0.4 Poison Magic
 + Level 0.8 Invocations
 + Level 0.6 Evocations


You had one spell level left.
You knew the following spells:

 Your Spells              Type           Power        Failure   Level  Hunger
g - Shroud of Golubria    Chrm/Tloc      ##........   9%          2    #......
i - Infusion              Chrm           ###.         1%          1    None
r - Regeneration          Chrm/Necr      ##........   17%         3    ###....
w - Spectral Weapon       Hex/Chrm       ##......     17%         3    ###....
y - Song of Slaying       Chrm           ###.....     3%          2    #......


Dungeon Overview and Level Annotations

Branches:
Dungeon (2/15)

Altars:
Dithmenos

Annotations:
D:2 Sigmund


Innate Abilities, Weirdness & Mutations

Your experience applies equally to all skills.
You have very sharp teeth.
Your uncanny sense of smell can sniff out nearby items.


Message History

You kill the hobgoblin!
Your shroud unravels.
You hit the goblin. Your bite misses the goblin.
The goblin is heavily wounded.
The goblin hits you with a club.
You hit the goblin.
The goblin is severely wounded.
The goblin hits you but does no damage.
You hit the goblin.
You kill the goblin!
Your Spellcasting skill increases to level 5!
Items here: )) ††††††† Memorise Regeneration, consuming 3 spell levels and leaving 4?
You start memorising the spell.
You continue memorising. x3
You finish memorising.
Spell assigned to 'r'.
Memorise Spectral Weapon, consuming 3 spell levels and leaving 1?
You start memorising the spell.
You continue memorising. x3
You finish memorising.
Spell assigned to 'w'.
There is a stone staircase leading down here.
You hear a shout!
You climb downwards.
Your song is almost over.
There is a stone staircase leading up here.
Unknown command.
You climb upwards.
The goblin shouts!
There is a stone staircase leading down here.
Unknown command.
Your song has ended.
There is a shaft here.
You fall through a shaft!
The shaft crumbles and collapses.
A bat, a rat and a goblin come into view.
The goblin shouts!
You hear a shout!
The goblin barely misses you.
Casting: Song of Slaying
Confirm with . or Enter, or press ? or * to list all spells.
You start singing a song of slaying.
The bat hits you but does no damage. The goblin barely misses you.
A giant cockroach comes into view.
The bat hits you but does no damage. The goblin barely misses you.
The bat barely misses you.
Unknown command.
You barely miss the goblin. You barely miss the bat. The bat misses you.
The goblin closely misses you.
Sigmund the Dreaded comes into view.
He is wielding a scythe of flaming.
The goblin hits you. The bat closely misses you.
Your leather armour prevents you from hitting the giant cockroach.
You barely miss the bat. You hit the goblin.
You kill the goblin!
The bat hits you. The giant cockroach closely misses you.
The rat barely misses you.
Casting: Song of Slaying
Confirm with . or Enter, or press ? or * to list all spells.
You draw out your weapon's spirit!
The bat closely misses you.
The giant cockroach bites you but does no damage.
The bat misses you. The rat closely misses you.
Unknown command.
The bat hits you. Sigmund closely misses you. The rat closely misses you.
Unknown command.
You hit the rat.
You kill the rat!
You closely miss Sigmund. The bat misses you.
The bat hits your spectral weapon but does no damage.
Sigmund barely misses you. The giant cockroach misses you.
You slash the bat!
You kill the bat!
You hit Sigmund. You closely miss the giant cockroach.
The giant cockroach misses you. Sigmund gestures at you while chanting.
You are confused.
You aren't carrying any potions.
Unknown command.
You're too confused to move!
The giant cockroach closely misses you.
Sigmund hits you with a scythe of flaming!
* * * LOW HITPOINT WARNING * * *
Sigmund burns you.
* * * LOW HITPOINT WARNING * * *
The giant cockroach closely misses you.
You hit Sigmund.
Sigmund is moderately wounded.
You hit the giant cockroach.
Your spectral weapon hits Sigmund but does no damage.
Your spectral weapon barely misses the giant cockroach.
The giant cockroach barely misses you. Sigmund barely misses you.
The giant cockroach closely misses you.
The giant cockroach bites you but does no damage.
Sigmund hits you from afar with a scythe of flaming!
* * * LOW HITPOINT WARNING * * *
Sigmund burns you.
* * * LOW HITPOINT WARNING * * *
You aren't carrying any potions.
You're too confused to move!
You feel less confused.
The giant cockroach bites you but does no damage.
Sigmund closely misses your spectral weapon.
Unknown command.
The giant cockroach bites you but does no damage.
Sigmund hits you from afar with a scythe of flaming!
You die...

####### .......
.......###+#####
........s......#
.......#@......#
##.....#(......#
#.....#@#+#####
#.......#
#..#..#..
#.....#.#.
#..##.#.#.# ..
#.# # # #.#


You could see Sigmund, a giant cockroach and a friendly spectral hand axe.

Vanquished Creatures
  2 leopard geckos (D:1)
  A giant cockroach (D:1)
  5 goblins
  2 hobgoblins (D:1)
  4 jackals (D:1)
  2 kobolds (D:1)
  2 bats
  A frilled lizard (D:1)
  6 rats
25 creatures vanquished.

Notes
Turn   | Place    | Note
-------+----------+-------------------------------------------
     0 | D:1      | tidbits the Gnoll Skald began the quest for the Orb.
     0 | D:1      | Reached XP level 1. HP: 20/20 MP: 6/6
    71 | D:1      | Reached XP level 2. HP: 22/26 MP: 0/7
    75 | D:1      | Learned a level 2 spell: Song of Slaying
    78 | D:1      | Learned a level 2 spell: Shroud of Golubria
   159 | D:2      | Found a shadowy altar of Dithmenos.
   219 | D:1      | Reached XP level 3. HP: 26/31 MP: 5/9
   225 | D:1      | Reached skill level 5 in Spellcasting
   231 | D:1      | Learned a level 3 spell: Regeneration
   235 | D:1      | Learned a level 3 spell: Spectral Weapon
   250 | D:1      | You fall through a shaft!
   254 | D:2      | Noticed Sigmund
   263 | D:2      | HP: 2/31 [Sigmund/scythe of flaming (3)]
   266 | D:2      | Mangled by Sigmund

Skill      XL: |  1  2  3 |
---------------+----------+-----
Spellcasting   | 5 |  5.0
Fighting       | |  4.5
Short Blades   | |  0.6
Long Blades    | |  0.6
Axes           | |  4.5
Maces & Flails | |  0.6
Polearms       | |  0.6
Staves         | |  0.6
Slings         | |  0.6
Bows           | |  0.6
Crossbows      | |  0.6
Throwing       | |  0.6
Armour         | |  2.5
Dodging        | |  4.5
Stealth        | |  0.6
Shields        | |  0.6
Unarmed Combat | |  0.6
Conjurations   | |  0.4
Hexes          | |  0.4
Charms         | |  5.4
Summonings     | |  0.4
Necromancy     | |  0.4
Translocations | |  0.4
Transmutations | |  0.4
Fire Magic     | |  0.4
Ice Magic      | |  0.4
Air Magic      | |  0.4
Earth Magic    | |  0.4
Poison Magic   | |  0.4
Invocations    | |  0.8
Evocations     | |  0.6

Action                   || total
-------------------------++-------
Melee: Hand axe          ||    51
       Bite              ||     4
       Punch             ||     1
 Cast: Infusion          ||     5
       Song of Slaying   ||     3
       Shroud of Golubri ||     1
       Spectral Weapon   ||     1
 Stab: Sleeping          ||     1
Armor: Leather armour    ||    21
Dodge: Dodged            ||    48

Table legend:
 A = Turns spent in this place as a percentage of turns spent in the entire game.
 B = Non-inter-level travel turns spent in this place as a percentage of non-inter-level travel turns spent in the entire game.
 C = Inter-level travel turns spent in this place as a percentage of turns spent in this place.
 D = Turns resting spent in this place as a percentage of non-inter-level travel turns spent in this place.
 E = Turns spent auto-exploring this place as a percentage of non-inter-level travel turns spent in this place.
 F = Non-inter-level travel turns spent in this place divided by the number of levels of this place that you've seen.
                   A       B       C       D       E      F
               +-------+-------+-------+-------+-------+----------------------
         Total | 100.0 | 100.0 |   0.0 |   0.0 |   0.0 | 133.0
       Dungeon | 100.0 | 100.0 |   0.0 |   0.0 |   0.0 | 133.0
               +-------+-------+-------+-------+-------+----------------------

Table legend:
 A = Kills in this place as a percentage of kills in entire the game.
 B = Kills by you in this place as a percentage of kills by you in the entire game.
 C = Kills by friends in this place as a percentage of kills by friends in the entire game.
 D = Other kills in this place as a percentage of other kills in the entire game.
 E = Experience gained in this place as a percentage of experience gained in the entire game.
 F = Experience gained in this place divided by the number of levels of this place that you have seen.
                   A       B       C       D       E      F
               +-------+-------+-------+-------+-------+----------------------
         Total | 100.0 | 100.0 |   N/A |   N/A | 100.0 |  21.5
       Dungeon | 100.0 | 100.0 |   N/A |   N/A | 100.0 |  21.5
               +-------+-------+-------+-------+-------+----------------------

Vault maps used:
D:1:      erik_arrival_gehennom
D:2:      grunt_dithmenos_smoke, first_ration, solitary_fountain, uniq_natasha,
          uniq_terence, uniq_sigmund
